 Dungeon Crawl Stone Soup version 0.25-a0-598-gc9c9e4c (webtiles) character file.

Game seed: 2369083592253102076, levelgen mode: deterministic

1516 HungryMoth the Destroyer (level 8, -2/41 HPs)
             Began as a Deep Elf Conjurer on Mar 16, 2020.
             Was a Believer of Vehumet.
             Slain by an orc warrior
             ... wielding a +0 glaive
              (22 damage)
             ... on level 6 of the Dungeon.
             The game lasted 00:26:49 (5564 turns).

HungryMoth the Destroyer (Deep Elf Conjurer)        Turns: 5564, Time: 00:26:50

Health: -2/41      AC:  5    Str:  7    XL:     8   Next: 53%
Magic:  10/22      EV: 13    Int: 21    God:    Vehumet [**....]
Gold:   242        SH:  0    Dex: 15    Spells: 8/24 levels left

rFire    . . .     SeeInvis .   u - +3 whip (venom)
rCold    . . .     Gourm    .   (no shield)
rNeg     + . .     Faith    .   D - +2 robe {rN+}
rPois    +         Spirit   .   t - +0 helmet
rElec    .         Reflect  .   (no cloak)
rCorr    .         Harm     .   (no gloves)
MR       .....                  (no boots)
Stlth    +++.......             (no amulet)
HPRegen  0.13/turn              A - ring of stealth
MPRegen  0.18/turn              p - ring of poison resistance

@: no status effects
A: no striking features
a: Renounce Religion


You were on level 6 of the Dungeon.
You worshipped Vehumet.
Vehumet was pleased with you.
You were not hungry.

You visited 1 branch of the dungeon, and saw 6 of its levels.

You collected 242 gold pieces.

Inventory:

Hand Weapons
 u - a +3 whip of venom (weapon)
Armour
 t - a +0 helmet (worn)
 D - a +2 robe of positive energy (worn)
Jewellery
 p - a ring of poison resistance (right hand)
 r - an uncursed ring of flight
 A - a ring of stealth (left hand)
 I - an uncursed ring of fire {unknown}
Wands
 x - a wand of paralysis (11)
 B - a wand of flame (16)
Scrolls
 e - 2 scrolls of enchant weapon
 f - a scroll of fog
 g - a scroll of immolation {unknown}
 j - a scroll of teleportation
 k - 3 scrolls of remove curse
 m - 2 scrolls of magic mapping {unknown}
 q - 3 scrolls of identify {unknown}
 v - a scroll of noise {unknown}
 w - 4 scrolls of amnesia {unknown}
 y - 2 scrolls of fear {unknown}
Potions
 d - 7 potions of heal wounds
 i - a potion of magic {unknown}
 l - a potion of brilliance {unknown}
 n - 2 potions of flight {unknown}
 o - 4 potions of haste {unknown}
 s - 2 potions of curing {unknown}
 E - a potion of might {unknown}
 G - a potion of cancellation {unknown}
 H - a potion of lignification {unknown}
Comestibles
 c - 6 rations


   Skills:
 - Level 2.4 Dodging
 - Level 2.4 Stealth
 + Level 8.6 Spellcasting
 * Level 9.1 Conjurations
 - Level 5.0 Hexes
 - Level 0.3 Translocations
 - Level 2.7 Evocations


You had 8 spell levels left.
You knew the following spells:

 Your Spells              Type           Power        Failure   Level  Hunger
a - Magic Dart            Conj           ####         1%          1    None
b - Searing Ray           Conj           #####.       1%          2    None
c - Iskenderun's Mystic   Conj/Tloc      ####....     11%         4    ###....
d - Fulminant Prism       Conj/Hex       #####.....   4%          4    ###....
e - Dazzling Flash        Conj/Hex       #####.       1%          3    None
f - Freeze                Ice            #...         8%          1    None
g - Shock                 Conj/Air       ####         1%          1    None

Your spell library contained the following spells:

 Spells                   Type           Power        Failure   Level  Hunger


Dungeon Overview and Level Annotations

Branches:
Dungeon (6/15)
 Temple: D:4-7

Altars:
Ashenzari
Fedhas
Makhleb
Ru
Vehumet

Annotations:
D:6 1 runed translucent door


Message History

The orc warrior is lightly wounded.
An orc comes into view. It is wielding a +0 mace.
Your fulminant prism explodes!
The blast of energy engulfs the orc warrior!
The orc warrior is severely wounded.
You hear a shout! x6
The searing ray misses the orc warrior.
The orc warrior misses you.
The searing ray hits the orc warrior.
The orc warrior is almost dead.
You finish channeling your searing ray.
The orc warrior hits you from afar with a +0 glaive!
Casting: Searing Ray (safe; 1% risk of failure)
Confirm with . or Enter, or press ? or * to list all spells.
Aiming: Fulminant Prism (safe; 4% risk of failure)
Press: ? - help, Dir - move target cursor, p - orc warrior You conjure a prism of explosive energy!
A fulminant prism comes into view.
The orc warrior hits you from afar with a +0 glaive!!
Ouch! That really hurt!
You die...

.#.######.#######
.#.# #.......##
.>.# #######..##
...# ##..# ...#
#######.# ...#
#....##.#### ####
#.##.##....#
#.##...#####
#.####@# #.# #.#
...###.####o####+#
#.........*.......
##........o.....##
#.#.#.....######
...#.#.....# ..#
#.#.###.# ###
...(# ..#


You could see an orc warrior, an orc and a friendly fulminant prism.

Vanquished Creatures
  Grinder (D:6)
  Edmund (D:4)
  Duvessa (D:4)
  A centaur (D:5)
  An ogre (D:6)
  A bullfrog (D:6)
  Dowan (D:4)
  A scorpion (D:5)
  A howler monkey (D:5)
  A crimson imp (D:5)
  A hound (D:4)
  A centaur zombie (D:6)
  4 orc priests
  5 orc wizards
  An iguana (D:5)
  2 worker ants
  3 adders
  10 gnolls
  2 shadow imps
  An ooze (D:3)
  An adder skeleton (D:4)
  3 worms
  6 dart slugs
  7 leopard geckos
  24 orcs
  7 bats
  5 giant cockroaches
  11 goblins
  9 hobgoblins
  2 quokkas (D:2)
  A ball python (D:1)
  9 frilled lizards
  11 kobolds
  A leopard gecko skeleton (D:4)
  11 rats
148 creatures vanquished.

Vanquished Creatures (others)
  21 fulminant prisms
21 creatures vanquished.

Grand Total: 169 creatures vanquished

Notes
Turn   | Place    | Note
-------+----------+-------------------------------------------
     0 | D:1      | HungryMoth the Deep Elf Conjurer began the quest for the
                  | Orb.
     0 | D:1      | Reached XP level 1. HP: 10/10 MP: 6/6
   211 | D:1      | Reached XP level 2. HP: 15/15 MP: 4/8
   215 | D:1      | Learned a level 2 spell: Searing Ray
   641 | D:1      | Reached skill level 5 in Conjurations
   641 | D:1      | Reached XP level 3. HP: 19/19 MP: 4/10
  1433 | D:2      | Found a burning altar of Makhleb.
  1439 | D:2      | Noticed a blizzard demon
  1443 | D:2      | Noticed a neqoxec
  1443 | D:2      | Noticed a smoke demon
  1547 | D:2      | Reached XP level 4. HP: 24/24 MP: 3/12
  1711 | D:2      | Learned a level 4 spell: Iskenderun's Mystic Blast
  1716 | D:2      | Learned a level 4 spell: Fulminant Prism
  1756 | D:3      | Reached skill level 1 in Evocations
  1845 | D:2      | Reached skill level 5 in Spellcasting
  1986 | D:3      | Found a shattered altar of Ashenzari.
  2029 | D:3      | Reached XP level 5. HP: 28/28 MP: 4/14
  2157 | D:3      | Found a radiant altar of Vehumet.
  2176 | D:3      | Became a worshipper of Vehumet
  2197 | D:3      | Found a blossoming altar of Fedhas.
  2942 | D:4      | Reached skill level 6 in Conjurations
  2976 | D:4      | Noticed Duvessa
  2983 | D:3      | Learned a level 3 spell: Dazzling Flash
  3013 | D:4      | Noticed Edmund
  3022 | D:4      | Reached * piety under Vehumet
  3022 | D:4      | Offered knowledge of Freeze by Vehumet.
  3025 | D:4      | Learned a level 1 spell: Freeze
  3037 | D:4      | Killed Edmund
  3037 | D:4      | Reached XP level 6. HP: 8/32 MP: 3/17
  3428 | D:4      | Noticed Dowan
  3443 | D:4      | Killed Dowan
  3708 | D:4      | Reached XP level 7. HP: 36/36 MP: 13/19
  3834 | D:4      | Reached skill level 1 in Hexes
  3849 | D:4      | Killed Duvessa
  3849 | D:4      | Reached skill level 7 in Conjurations
  4304 | D:5      | Entered Level 5 of the Dungeon
  4310 | D:5      | Found a sacrificial altar of Ru.
  4726 | D:5      | Reached ** piety under Vehumet
  4726 | D:5      | Offered knowledge of Shock by Vehumet.
  4736 | D:5      | Learned a level 1 spell: Shock
  4957 | D:6      | Reached XP level 8. HP: 34/41 MP: 15/21
  4965 | D:6      | Reached skill level 8 in Conjurations
  4967 | D:6      | Noticed Grinder
  5125 | D:6      | Reached skill level 5 in Hexes
  5134 | D:6      | Killed Grinder
  5426 | D:6      | Reached skill level 9 in Conjurations
  5504 | D:6      | Found a runed translucent door.
  5564 | D:6      | Slain by an orc warrior

Levels and vault maps discovered:
D:1:      kennysheep_arrival_seaside, layout_rooms
D:2:      layout_loops_corners, makhleb_altar_promises_db
D:3:      minmay_evil_eye, layout_basic, evilmike_ruin_ashenzari,
          vehumet_crystals, fedhas_altar_1, minmay_goblin_outpost
D:4:      layout_cave_pools, uniq_duvessa, uniq_edmund
D:5:      layout_loops_cross, lemuel_crystal_altar, first_ration
D:6:      layout_rooms, minmay_temple_entry_overgrown, ebering_ghost_xom,
          uniq_eustachio, uniq_grinder

Skill      XL: |  1  2  3  4  5  6  7  8 |
---------------+-------------------------+-----
Spellcasting   | 4 5 6 7 8 |  8.6
Conjurations   | 5 6 7 9 |  9.1
Evocations     | 1 2 |  2.7
Hexes          | 4 5 |  5.0
Dodging        | |  2.4
Stealth        | |  2.4
Translocations | |  0.3

Action                   |  1- 3 |  4- 6 |  7- 9 || total
-------------------------+-------+-------+-------++-------
Melee: Unarmed           |     1 |       |       ||     1
       Whip              |       |     4 |     1 ||     5
 Cast: Magic Dart        |    81 |    39 |    11 ||   131
       Searing Ray       |     1 |    25 |    26 ||    52
       Fulminant Prism   |       |    12 |    10 ||    22
       Iskenderun's Myst |       |     1 |     1 ||     2
       Shock             |       |       |     7 ||     7
 Abil: Evoke Flight      |       |     1 |       ||     1
  Use: Scroll            |       |     4 |     1 ||     5
  Eat: Chunk             |     2 |     8 |     7 ||    17
Armor: Robe              |       |     5 |     6 ||    11
Dodge: Dodged            |     7 |    20 |    38 ||    65

Table legend:
 A = Non-vault XP
 B = Vault XP
 C = Vault XP percentage of total XP
 D = Non-vault monster count
 E = Vault monster count
 F = Vault count percentage of total count
                 A         B        C        D         E       F
            +---------+---------+-------+---------+---------+-------
      Total |    1484 |     682 |  31.5 |     131 |      17 |  11.5
            +---------+---------+-------+---------+---------+-------
        D:1 |      44 |       0 |   0.0 |      24 |       0 |   0.0
        D:2 |      94 |       0 |   0.0 |      26 |       0 |   0.0
        D:3 |     121 |      25 |  17.1 |      23 |      13 |  36.1
        D:4 |     308 |     376 |  55.0 |      26 |       3 |  10.3
        D:5 |     518 |       0 |   0.0 |      18 |       0 |   0.0
        D:6 |     399 |     281 |  41.3 |      14 |       1 |   6.7
            +---------+---------+-------+---------+---------+-------
